 Dungeon Crawl Stone Soup version 0.17.0-24-gcfadda4 (webtiles) character file.

297 HaroldButt the Spear-Bearer (level 6, -4/47 HPs)
             Began as a Merfolk Skald on Nov 16, 2015.
             Slain by Grinder (6 damage)
             ... while paralysed by Grinder
             ... on level 3 of the Dungeon.
             The game lasted 00:14:39 (4062 turns).

HaroldButt the Spear-Bearer (Merfolk Skald)         Turns: 4062, Time: 00:14:39

Health: -4/47      AC:  5    Str: 12    XL:     6   Next: 35%
Magic:  9/9        EV:  2    Int: 13    God:
Gold:   108        SH:  0    Dex: 14    Spells: 1 memorised, 8 levels left

rFire  . . .     SeeInvis .     o - +0 trident
rCold  . . .     Clarity  .     b - +0 leather armour
rNeg   . . .     SustAt   .     (no shield)
rPois  .         Gourm    .     l - +2 hat
rElec  .         Spirit   .     (no cloak)
rCorr  .         Warding  .     (no gloves)
rMut   .         Stasis   .     (no boots)
MR     .....                    (no amulet)
Stlth  +.........               (no ring)
                                (no ring)

@: paralysed, infused, not resistant to hostile enchantments, very unstealthy
A: change form in water, swift swim
a: no special abilities


You were on level 3 of the Dungeon.
You were hungry.

You visited 1 branch of the dungeon, and saw 4 of its levels.

You collected 108 gold pieces.

Inventory:

Hand Weapons
 k - a +0 blowgun
 o - a +0 trident (weapon)
Missiles
 f - 132 stones (quivered)
 g - 11 poisoned needles
 p - 4 tomahawks
Armour
 b - a +0 leather armour (worn)
 e - a +0 ring mail
 l - a +2 hat (worn)
Jewellery
 h - an uncursed ring of teleportation
 s - an uncursed ring of invisibility
Scrolls
 i - a scroll of remove curse
 m - a scroll of magic mapping
 r - 2 scrolls of identify {unknown}
Potions
 q - a potion of poison {unknown}
Books
 c - a book of Battle

   Spells                             Type                      Level
   a - Infusion                       Charms                       1
   b - Shroud of Golubria             Charms/Translocation         2
   c - Song of Slaying                Charms                       2
   d - Spectral Weapon                Hexes/Charms                 3
   e - Regeneration                   Charms/Necromancy            3
Comestibles
 d - 3 bread rations
 j - a meat ration
 n - a beef jerky


   Skills:
 + Level 3.2 Fighting
 + Level 8.2 Polearms
 - Level 1.2 Armour
 - Level 2.2 Dodging
 - Level 2.0 Spellcasting
 - Level 3.2 Charms


You had 8 spell levels left.
You knew the following spells:

 Your Spells              Type           Power        Failure   Level  Hunger
a - Infusion              Chrm           #.....       12%         1    ##.....


Dungeon Overview and Level Annotations

Branches:
Dungeon (4/15)
 Temple: D:4-7

Altars:

Annotations:
D:1 exclusion: downstairs
D:2 Sigmund
D:3 Grinder


Message History

Items here: ))))))))) [[[
Casting: Infusion
Confirm with . or Enter, or press ? or * to list all spells.
You begin infusing your attacks with magical energy.
You are feeling hungry.
You barely miss Grinder. Grinder hits you!
You writhe in agony.
You closely miss Grinder. Grinder gestures at you.
You suddenly lose the ability to move!
Grinder drinks a potion.
Grinder seems to grow stronger.
Grinder hits you but does no damage. Grinder hits you.
You writhe in agony.
Grinder hits you but does no damage. Grinder hits you!
You writhe in agony.
* * * LOW HITPOINT WARNING * * *
Grinder barely misses you. Grinder hits you!
* * * LOW HITPOINT WARNING * * *
You writhe in agony.
You die...

##.....##...##.....##.......###
#.......#.5.#.......#.......#
#.......'...'.......####..#.#
#.......#...#.......# ##.#.#
##.....##...##.....## #.#.#
##...##.....##...## #.#.#
######.###.###### #.#.# ...
#)############...# #.#.
#.5@..........#..# #.#.
#############.#.># # #.##.#
#.##.# #.##.# #.##.# #)##.#
#.##.# #.##.#


You could see Grinder.

Vanquished Creatures
  A scorpion (D:3)
  An orc priest (D:3)
  2 orc wizards (D:3)
  Robin (D:1)
  5 adders
  3 worms
  A giant gecko (D:1)
  12 orcs (D:3)
  9 hobgoblins
  9 jackals (D:1)
  2 quokkas (D:3)
  A ball python (D:3)
  4 bats
  4 giant cockroaches
  2 giant newts (D:1)
  14 goblins
  14 kobolds
  6 rats
91 creatures vanquished.

Notes
Turn   | Place    | Note
--------------------------------------------------------------
     0 | D:1      | HaroldButt the Merfolk Skald began the quest for the Orb.
     0 | D:1      | Reached XP level 1. HP: 16/16 MP: 3/3
   228 | D:1      | Reached skill level 4 in Polearms
   228 | D:1      | Reached XP level 2. HP: 19/22 MP: 5/5
  1063 | D:1      | Reached skill level 5 in Polearms
  1063 | D:1      | Reached XP level 3. HP: 27/27 MP: 6/6
  1101 | D:2      | Noticed Sigmund
  1228 | D:2      | Found a faded altar to an unknown god.
  1233 | D:2      | Noticed Robin
  1311 | D:1      | Killed Robin
  1316 | D:1      | Reached skill level 6 in Polearms
  1426 | D:1      | Reached XP level 4. HP: 13/33 MP: 7/7
  2136 | D:3      | Reached skill level 7 in Polearms
  2166 | D:3      | Reached XP level 5. HP: 9/38 MP: 1/8
  3280 | D:3      | Reached skill level 1 in Armour
  3636 | D:3      | Reached XP level 6. HP: 25/46 MP: 2/9
  3638 | D:3      | Reached skill level 8 in Polearms
  3651 | D:3      | HP: 1/46 [scorpion (8)]
  4027 | D:3      | Noticed Grinder
  4055 | D:3      | Paralysed by Grinder for 7 turns
  4062 | D:3      | HP: 2/47 [Grinder (11)]
  4062 | D:3      | Slain by Grinder

Action                   |  1- 3 |  4- 6 || total
-------------------------+-------+-------++-------
Melee: Spear             |   170 |   257 ||   427
       Trident           |       |    48 ||    48
 Cast: Infusion          |     1 |     4 ||     5
  Use: Scroll            |     1 |     1 ||     2
       Potion            |       |     2 ||     2
  Eat: Chunk             |     2 |     8 ||    10
